 Dungeon Crawl Stone Soup version 0.16.2-12-gd0ad4c3 (webtiles) character file.

91 musteatbrain the Skirmisher (level 4, -6/37 HPs)
             Began as a Demonspawn Fighter on Sept 28, 2015.
             Was an Initiate of Cheibriados.
             Killed by divine providence
             ... invoked by an orc priest
              (13 damage)
             ... on level 3 of the Dungeon.
             The game lasted 00:10:51 (2181 turns).

musteatbrain the Skirmisher (Demonspawn Fighter)    Turns: 2181, Time: 00:10:52

Health: -6/37      AC: 13    Str: 19    XL:     4   Next: 34%
Magic:  4/4        EV:  3    Int: 10    God:    Cheibriados [......]
Gold:   120        SH:  9    Dex: 13    Spells: 0 memorised, 3 levels left

rFire  . . .     SeeInvis .     q - +0 dagger
rCold  . . .     Clarity  .     k - +0 plate armour
rNeg   . . .     SustAb   .     c - +0 shield
rPois  .         Gourm    .     (no helmet)
rElec  .         Spirit   .     (no cloak)
rCorr  .         Warding  .     (no gloves)
rMut   .         Stasis   .     (no boots)
MR     .....                    (no amulet)
Stlth  ..........               (no ring)
                                (no ring)

@: very slow, not resistant to hostile enchantments, extremely unstealthy
A: slimy green scales 1, nightstalker 1, powered by death 1
a: Bend Time, Renounce Religion


You were on level 3 of the Dungeon.
You worshipped Cheibriados.
Cheibriados was noncommittal.
You were near starving.

You visited 1 branch of the dungeon, and saw 3 of its levels.

You collected 120 gold pieces.

Inventory:

Hand weapons
 a - a +0 war axe
 q - a +0 dagger (weapon)
Armour
 b - a +0 scale mail
 c - a +0 shield (worn)
 k - a +0 plate armour (worn)
Jewellery
 h - an uncursed ring of flight
Magical devices
 p - a wand of draining (2)
Scrolls
 e - 2 scrolls of enchant weapon {unknown}
 f - 4 scrolls of remove curse
 g - 2 scrolls of magic mapping {unknown}
 i - 3 scrolls of immolation {unknown}
 j - 3 scrolls of amnesia {unknown}
 m - a scroll of identify {unknown}
 o - 2 scrolls of enchant armour {unknown}
Potions
 n - a potion of restore abilities {unknown}
Comestibles
 d - 3 bread rations


   Skills:
 + Level 3.8 Fighting
 * Level 0.0 Short Blades
 - Level 3.6 Axes
 - Level 2.6 Armour
 - Level 2.6 Shields


You had 3 spell levels left.
You didn't know any spells.

Dungeon Overview and Level Annotations

Branches:
Dungeon (3/15)

Altars:
Ashenzari
Cheibriados
Fedhas
Kikubaaqudgha
Qazlal
Trog

Annotations:
D:2 1 exclusion


Innate Abilities, Weirdness & Mutations

You are partially covered in slimy green scales (AC +2).
You are slightly more attuned to the shadows.
You can steal the life force of nearby defeated enemies.


Message History

You are too injured to fight recklessly!
You are too injured to fight recklessly!
You are too injured to fight recklessly!
You are too injured to fight recklessly!
You are too injured to fight recklessly!
You are too injured to fight recklessly!
You are too injured to fight recklessly!
You are too injured to fight recklessly!
You are too injured to fight recklessly!
You are too injured to fight recklessly!
You hit the orc priest.
The orc priest is heavily wounded.
You block the orc's attack.
The orc priest hits you but does no damage.
You hit the orc priest but do no damage.
The orc priest is heavily wounded.
The orc hits you but does no damage.
The orc priest invokes the aid of Beogh against you.
Something smites you!
You die...

.###
#....#......#
#.#.#.### .#
....#.##......#
#.#.#...## .#
#.####.##......#
#.#......## ##
#.###.....#
#.#.......# .#..
#.# ###.#.#
.#.......# ...#
#.# #...#
#......># ..##
#.# ##..#
#.......# #.#
#.## #.......#
..# #@#
#.......# .# #o#
##.....## #


.oo ##...## ##... ##### #.#.# #.#.. ##### You could see an orc priest and 2
orcs.

Vanquished Creatures
  4 adders
  A giant mite (D:1)
  A giant gecko (D:2)
  3 orcs (D:3)
  9 goblins
  2 hobgoblins
  4 ball pythons
  6 bats
  A giant cockroach (D:2)
  3 giant newts
  6 kobolds
  9 rats
49 creatures vanquished.

Vanquished Creatures (others)
  A human (D:3)
1 creature vanquished.

Grand Total: 50 creatures vanquished

Notes
Turn   | Place    | Note
--------------------------------------------------------------
     0 | D:1      | musteatbrain, the Demonspawn Fighter, began the quest for the Orb.
     0 | D:1      | Reached XP level 1. HP: 18/18 MP: 1/1
   113 | D:1      | Gained mutation: You are partially covered in slimy green scales (AC +2). [demonic ancestry]
   113 | D:1      | Reached XP level 2. HP: 22/24 MP: 2/2
   763 | D:2      | Found a shattered altar of Ashenzari.
   776 | D:2      | Gained mutation: You can steal the life force of nearby defeated enemies. [demonic ancestry]
   776 | D:2      | Reached XP level 3. HP: 20/29 MP: 3/3
  1216 | D:2      | Found a snail-covered altar of Cheibriados.
  1228 | D:2      | Found a bloodstained altar of Trog.
  1242 | D:2      | Became a worshipper of Cheibriados the Contemplative
  1435 | D:2      | Found a stormy altar of Qazlal.
  1604 | D:3      | Gained mutation: You are slightly more attuned to the shadows. [demonic ancestry]
  1604 | D:3      | Reached XP level 4. HP: 32/37 MP: 4/4
  1607 | D:3      | Found an ancient bone altar of Kikubaaqudgha.
  1608 | D:3      | Noticed a human
  1610 | D:3      | Killed a human
  1856 | D:3      | Found a blossoming altar of Fedhas.
  2181 | D:3      | Killed from afar by an orc priest

Action                   |  1- 3 |  4- 6 || total
-------------------------+-------+-------++-------
Melee: War axe           |   147 |    33 ||   180
       Dagger            |       |    63 ||    63
  Use: Scroll            |     1 |       ||     1
       Potion            |       |     3 ||     3
  Eat: Chunk             |     2 |     1 ||     3
